 Dungeon Crawl Stone Soup version 0.30-a0-799-g109b55a442 (webtiles) character file.

Game seed: 7061908932343277992

494 KarmaKiller the Poker (level 7, -5/59 (61) HPs)
             Began as a Naga Wanderer on Feb 20, 2023.
             Was a Believer of Uskayaw.
             Killed by divine providence
             ... invoked by an orc priest
              (14 damage)
             ... on level 5 of the Dungeon.
             The game lasted 00:25:02 (3726 turns).

KarmaKiller the Poker (Naga Wanderer)               Turns: 3726, Time: 00:25:03

HP:   -5/59 (61)    AC:  8    Str: 15 (17) XL:     7   Next: 15%
MP:   10/10         EV:  8    Int: 11      God:    Uskayaw [**....]
Gold: 193           SH:  0    Dex: 16 (17) Spells: 9/11 levels left

rFire   . . .      SeeInvis +    a - +0 spear
rCold   . . .      Faith    .    (no shield)
rNeg    . . .      Spirit   .    t - +0 scale mail
rPois   +          Reflect  .    (no helmet)
rElec   .          Harm     .    p - +0 cloak
rCorr   .          Rampage  .    b - +0 pair of gloves
Will    .....                    (no barding)
Stlth   +                        (no amulet)
HPRegen 0.29/turn                r - +6 ring of dexterity
MPRegen 0.12/turn                (no ring)

@: lightly drained, very slow
A: AC +2, large, see invisible, deformed body, poison resistance, slowness 2,
spit poison 1, naga tail 1, deterioration 1
a: Spit Poison, Renounce Religion, Stomp, Line Pass


You were on level 5 of the Dungeon.
You worshipped Uskayaw.
Uskayaw was noncommittal.
You visited 1 branch of the dungeon, and saw 5 of its levels.

You collected 193 gold pieces.

Inventory:

Hand Weapons
 a - a +0 spear (weapon)
 j - a +0 mace
 o - a +1 morningstar
 v - a +0 arbalest
Missiles
 i - 4 boomerangs of dispersal
Armour
 b - a +0 pair of gloves (worn)
 d - a +0 leather armour
 k - a +0 ring mail
 p - a +0 cloak (worn)
 t - a +0 scale mail (worn)
Magical Staves
 n - a staff of cold
Jewellery
 r - a +6 ring of dexterity (left hand)
Wands
 e - a wand of charming (5)
 f - a wand of light (12)
Scrolls
 c - a scroll of fog
 l - 2 scrolls of blinking
 s - 2 scrolls of poison
Potions
 g - a potion of cancellation
 h - a potion of flight
 m - a potion of lignification {unknown}
 q - a potion of heal wounds {unknown}


   Skills:
 + Level 2.7 Fighting
 + Level 5.4 Polearms
 + Level 2.7 Armour
 + Level 2.6 Dodging
 + Level 2.2 Stealth
 + Level 2.5 Spellcasting
 + Level 0.2 Conjurations
 + Level 0.1 Air Magic


You had 9 spell levels left.
You knew the following spells:

 Your Spells              Type           Power      Damage    Failure   Level
a - Foxfire               Conj/Fire      4%         2x1d4     71%         1
b - Shock                 Conj/Air       4%         1d3       69%         1

Your spell library contained the following spells:

 Spells                   Type           Power      Damage    Failure   Level
 Apportation              Tloc           2%         N/A       71%         1
 Mephitic Cloud           Conj/Pois/Air  1%         N/A       96%         3
 Swiftness                Air            1%         N/A       96%         3
 Animate Dead             Necr           1%         N/A       100%        4
 Haunt                    Necr/Summ      0%         N/A       100%        7
 Infestation              Necr           0%         N/A       100%        8


Dungeon Overview and Level Annotations

Branches:
Dungeon (5/15)
 Temple: D:4-7

Altars:
Cheibriados
Makhleb
Okawaru
Uskayaw
Vehumet


Innate Abilities, Weirdness & Mutations

Your serpentine skin is tough. (AC +2)
You have supernaturally acute eyesight. (SInv)
Armour fits poorly on your strangely shaped body.
Your system is resistant to poisons. (rPois)
You cover ground very slowly.
You can spit poison.
You have a snake-like lower body.
Your body sometimes deteriorates upon taking damage.


Message History

Your body deteriorates!
You feel weakened.
You closely miss the bullfrog. The bullfrog barely misses you.
The orc hits you with a +0 short sword.
The gnoll sergeant hits you but does no damage.
The bullfrog hits you.
You hit the bullfrog.
The bullfrog is moderately wounded.
The orc hits you but does no damage.
The gnoll sergeant hits you from afar with a +0 trident.
The bullfrog hits you.
You hit the bullfrog.
The bullfrog is heavily wounded.
You have got your breath back.
The bullfrog hits you but does no damage.
The gnoll sergeant hits you from afar with a +0 trident!
The orc hits you with a +0 short sword.
You can now pass through a line of other dancers.
You hit the bullfrog.
The bullfrog is severely wounded.
The bullfrog barely misses you.
You hit the bullfrog.
The bullfrog is almost dead.
The bullfrog hits you.
* * * LOW HITPOINT WARNING * * *
The orc hits you but does no damage.
The gnoll sergeant hits you but does no damage.
The bullfrog closely misses you.
You hit the bullfrog but do no damage.
The bullfrog is almost dead.
The orc barely misses you.
The gnoll sergeant hits you from afar with a +0 trident!
* * * LOW HITPOINT WARNING * * *
The bullfrog hits you but does no damage.
Aiming: Charm
Press: ? - help, Shift-Dir - straight line, f - bullfrog, p - shadow imp
Aim: a bullfrog (almost dead, chance to affect: 49%)
The bullfrog is charmed.
The orc priest calls down the wrath of Beogh upon you.
Beogh smites you!
You die...

****,,*,,*,,,##,*,,,*#.#
*,,*****,*#..*,,,*#.#
*,,+,,,*+*,).*,,,,#.#
****,,**,,,,,,#.#+,,,#.#
,,***,***,**,**..##*,#.# *,*
*,*,*,,***,,..####.########
,,***,*,+*,,,####....+........#
*,,,,,*,*,,###..F.#**#.######.#
*,**,,**#.##.##.@##*,#.## #.#
*,***,**......#.#onho#..# #.#
*,***,+,,,*+#...#5g5.#..# #.#
,,*,,,*****,##..#ol.##..# #.#
,**,*,*,,*,,,##.#...##..# #.#
,,***,**,,,,,,#.#.####..# #.#
,,*##.#########'######..# #.#
***.....................# #.#
,,,....###.#######......# #.#


You could see a necrophage, a gnoll sergeant, an iguana, a hound, an orc priest,
2 shadow imps, 2 orcs and a friendly bullfrog (charmed).

Vanquished Creatures
  A phantom (D:4)
  2 necrophages
  3 hounds (D:4)
  An orc priest (D:4)
  An iguana (D:4)
  Robin (D:4)
  5 adders
  2 worms (D:3)
  2 dart slugs
  4 orcs
  4 bats
  7 endoplasms
  13 giant cockroaches
  12 goblins
  7 hobgoblins
  8 jackals
  5 ball pythons
  2 frilled lizards
  3 kobolds
  4 rats
87 creatures vanquished.

Vanquished Creatures (others)
  A foxfire (D:2)
  8 plants (D:3)
9 creatures vanquished.

Grand Total: 96 creatures vanquished

Notes
Turn   | Place    | Note
-------+----------+-------------------------------------------
     0 | D:1      | KarmaKiller the Naga Wanderer began the quest for the Orb.
     0 | D:1      | KarmaKiller set off with the following items: a +0 spear, a
                  | +0 pair of gloves, a scroll of fog, a +0 leather armour;
                  | and the following spells available to memorise:
                  | Apportation, Shock, Mephitic Cloud, Swiftness.
     0 | D:1      | Reached XP level 1. HP: 18/18 MP: 3/3
   155 | D:1      | Reached XP level 2. HP: 23/25 MP: 5/5
   426 | D:1      | Found a faded altar of an unknown god.
   442 | D:1      | Prayed at the altar of an unknown god.
   442 | D:1      | Became a worshipper of Vehumet
   442 | D:1      | Reached * piety under Vehumet
   442 | D:1      | Offered knowledge of Foxfire by Vehumet.
   446 | D:1      | Learned a level 1 spell: Foxfire
   448 | D:1      | Learned a level 1 spell: Shock
   716 | D:2      | Reached XP level 3. HP: 31/31 MP: 6/6
   949 | D:2      | Reached skill level 4 in Polearms
  1056 | D:2      | You fall into a shaft and drop 1 floor!
  1097 | D:3      | Reached XP level 4. HP: 25/38 MP: 7/7
  1644 | D:3      | Found a hide-covered altar of Uskayaw.
  1684 | D:3      | Fell from the grace of Vehumet
  1684 | D:3      | Became a worshipper of Uskayaw the Reveller
  1849 | D:3      | Gained mutation: You are vulnerable to heat. (rF-) [potion
                  | of mutation]
  1849 | D:3      | Gained mutation: Your mind is acute. (Int +4, Str/Dex -1)
                  | [potion of mutation]
  1859 | D:3      | Lost mutation: Your mind is acute. (Int +4, Str/Dex -1)
                  | [potion of mutation]
  1859 | D:3      | Lost mutation: You are vulnerable to heat. (rF-) [potion of
                  | mutation]
  1859 | D:3      | Gained mutation: Your body sometimes deteriorates upon
                  | taking damage. [potion of mutation]
  1868 | D:4      | Reached * piety under Uskayaw
  1879 | D:4      | Reached XP level 5. HP: 35/45 MP: 8/8
  1929 | D:4      | Reached ** piety under Uskayaw
  2040 | D:4      | Found an iron altar of Okawaru.
  2040 | D:4      | Noticed a phantom
  2073 | D:4      | Killed a phantom
  2074 | D:4      | Reached skill level 5 in Polearms
  2074 | D:4      | Reached XP level 6. HP: 26/52 MP: 6/9
  2170 | D:4      | Found a burning altar of Makhleb.
  2250 | D:4      | Noticed Robin
  2283 | D:4      | Killed Robin
  3485 | D:5      | Entered Level 5 of the Dungeon
  3536 | D:5      | Reached XP level 7. HP: 43/58 MP: 10/10
  3537 | D:5      | Reached *** piety under Uskayaw
  3591 | D:5      | Found a snail-covered altar of Cheibriados.
  3726 | D:5      | Killed from afar by an orc priest

Illustrated notes

Levels and vault maps discovered:
D:1:      dpeg_arrival_shelter, layout_rooms, ebering_ecumenical_altar_webs,
          minmay_misc_feat_more_columns
D:2:      layout_loops_ring, nicolae_half_adder
D:3:      minmay_roachtagon, layout_rooms, mainiacjoe_overflow_chevrons
D:4:      layout_basic, amethyst_overflow_temple_binary, uniq_robin
D:5:      layout_loops_ring, mainiacjoe_overflow_alcove_1, cheibriados_altar_1,
          gammafunk_ghost_smash, grunt_ministairs_15, minmay_pentangle

Skill      XL: |  1  2  3  4  5  6 |
---------------+-------------------+-----
Polearms       | 4 5 |  5.4
Dodging        | 2 |  2.6
Armour         | 2 |  2.7
Fighting       | 2 |  2.7
Stealth        | 2 |  2.2
Spellcasting   | |  2.5
Conjurations   | |  0.2
Air Magic      | |  0.1

Action                     |  1- 3 |  4- 6 |  7- 9 || total
---------------------------+-------+-------+-------++-------
  Melee: Spear             |    76 |   238 |    19 ||   333
         Punch             |       |     3 |       ||     3
   Cast: Shock             |     1 |     3 |       ||     4
         Foxfire           |     1 |       |       ||     1
 Invoke: Stomp             |       |     4 |       ||     4
Ability: Spit Poison       |    14 |    17 |     2 ||    33
  Evoke: Wand              |       |     1 |     1 ||     2
    Use: Scroll            |     2 |    10 |       ||    12
         Potion            |     1 |     2 |       ||     3
   Stab: Paralysed         |       |       |     1 ||     1
 Armour: Leather armour    |     3 |       |       ||     3
         Ring mail         |    43 |     7 |       ||    50
         Scale mail        |       |   110 |    11 ||   121
  Dodge: Dodged            |    59 |   100 |     8 ||   167

Table legend: (Time is in decaauts)
 A = Elapsed time spent in this place.
 B = Non-inter-level travel time spent in this place.
 C = Inter-level travel time spent in this place.
 D = Time resting spent in this place.
 E = Time spent auto-exploring this place.
 F = Levels seen in this place.
 G = Mean time per level.
                   A        B        C        D        E       F      G
               +--------+--------+--------+--------+--------+-----+--------+
         Total |   4655 |   4655 |      0 |    821 |      0 |   5 |  931.0 |
       Dungeon |   4655 |   4655 |      0 |    821 |      0 |   5 |  931.0 |
               +--------+--------+--------+--------+--------+-----+--------+

Top non-repeatable levels by time:
     D:4: 1981 daAuts
     D:3: 1038 daAuts
     D:1: 784 daAuts
     D:2: 559 daAuts
     D:5: 291 daAuts
